 Dungeon Crawl Stone Soup version 0.28-a0-384-g9e0c098162 (webtiles) character file.

Game seed: 10076682642535446675

1584 mathmaestro the Ruffian (level 8, -5/83 HPs)
             Began as a Troll Monk on Sept 2, 2021.
             Slain by a two-headed ogre (14 damage)
             ... on level 6 of the Dungeon.
             The game lasted 00:07:30 (4531 turns).

mathmaestro the Ruffian (Troll Monk)                Turns: 4531, Time: 00:07:31

Health: -5/83      AC:  4    Str: 22    XL:     8   Next: 61%
Magic:  7/7        EV: 11    Int:  6    God:
Gold:   341        SH:  5    Dex: 12    Spells: 7/7 levels left

rFire   . . .      SeeInvis .     - Unarmed
rCold   . . .      Faith    .   (no shield)
rNeg    + . .      Spirit   .   a - +0 robe
rPois   .          Reflect  +   (helmet restricted)
rElec   .          Harm     .   (no cloak)
rCorr   .          Rampage  .   (gloves unavailable)
Will    .....                   (boots unavailable)
Stlth   ++........              b - amulet of reflection
HPRegen 1.23/turn               e - ring of positive energy
MPRegen 0.10/turn               (no ring)

@: no status effects
A: large, unfitting armour, claws 3, regeneration 1, shaggy fur 1, tough skin 1
a: no special abilities


You were on level 6 of the Dungeon.
You visited 1 branch of the dungeon, and saw 6 of its levels.

You collected 341 gold pieces.

Inventory:

Hand Weapons
 j - a +3 dagger of venom
Missiles
 l - 63 arrows
 m - 62 bolts
 n - 129 stones (quivered)
Armour
 a - a +0 robe (worn)
Jewellery
 b - an amulet of reflection (around neck)
 e - a ring of positive energy (left claw)
 i - a ring of fire
Wands
 k - a wand of flame (9)
 p - a wand of acid (5)
Scrolls
 f - 3 scrolls of identify
Potions
 c - a potion of flight
 d - 2 potions of lignification {unknown}
 g - 6 potions of curing {unknown}
 h - a potion of invisibility {unknown}
 o - a potion of heal wounds {unknown}
 q - a potion of brilliance {unknown}


   Skills:
 + Level 6.1 Fighting
 - Level 5.0 Dodging
 - Level 1.0 Stealth
 + Level 7.4 Unarmed Combat


You had 7 spell levels left.
You didn't know any spells.
Your spell library was empty.

Dungeon Overview and Level Annotations

Branches:
Dungeon (6/15)
 Temple: D:4-7

Altars:
Ashenzari
Cheibriados
Elyvilon
Gozag
Yredelemnul

Shops:
D:4 (


Innate Abilities, Weirdness & Mutations

You are too large for most types of armour.
You have claws for hands.
Your natural rate of healing is unusually fast.
You are covered in fur. (AC +1)
You have tough skin. (AC +1)


Message History

The puff of flame hits the two-headed ogre.
The two-headed ogre is lightly wounded.
Aiming: Throw Flame
Press: ? - help, Shift-Dir - straight line, f/p - two-headed ogre
Aim: a two-headed ogre, wielding a +0 giant spiked club and a +0 giant club (lightly wounded, 85% to hit)
The puff of flame hits the two-headed ogre.
The two-headed ogre is lightly wounded.
Unknown command.
Aiming: Throw Flame
Press: ? - help, Shift-Dir - straight line, f/p - two-headed ogre
Aim: a two-headed ogre, wielding a +0 giant spiked club and a +0 giant club (lightly wounded, 85% to hit)
The puff of flame hits the two-headed ogre.
The two-headed ogre is moderately wounded.
Aiming: Corrosive Bolt
Press: ? - help, Shift-Dir - straight line, f/p - two-headed ogre
Aim: a two-headed ogre, wielding a +0 giant spiked club and a +0 giant club (moderately wounded, 86% to hit)
The bolt of acid misses the two-headed ogre.
The two-headed ogre hits you with a +0 giant spiked club!
The two-headed ogre hits you with a +0 giant club!
You scratch the two-headed ogre but do no damage.
Your claw misses the two-headed ogre.
The two-headed ogre is moderately wounded.
You block the two-headed ogre's attack.
The two-headed ogre hits you with a +0 giant club!
Unknown command.
You scratch the two-headed ogre.
The two-headed ogre is moderately wounded.
Unknown command.
You mangle the two-headed ogre!!
The two-headed ogre is severely wounded.
The two-headed ogre hits you with a +0 giant spiked club!!
* * * LOW HITPOINT WARNING * * *
The two-headed ogre hits you with a +0 giant club!
* * * LOW HITPOINT WARNING * * *
Unknown command.
You scratch the two-headed ogre but do no damage.
The two-headed ogre is severely wounded.
The two-headed ogre closely misses you.
The two-headed ogre hits you with a +0 giant club!
You die...

...#....###...................#
....###..##...........<......##
#....###.....................#
#.................##..###....#
...#####.....##)##....# #....#
..## #.....#).#..... . ....#
.#######........##.##... ....#
.##...#.....###..O...... ....
#.......#...###.@.......
#....#.###.##...##..####
.....####..##..## .##
#....#.###.##..##..#
#..................#
#..####....##...##.# #+##
####....###### #
#.##..........# #
##...........##


You could see a two-headed ogre.

Vanquished Creatures
  Pikel (D:5)
  An orc warrior (D:6)
  A sky beast (D:5)
  2 necrophages
  An ogre (D:6)
  4 lemures
  A kobold brigand (D:6)
  2 scorpions
  A centaur zombie (D:6)
  2 hounds
  A centaur skeleton (D:4)
  4 iguanas
  Natasha (D:2)
  An orc wizard (D:6)
  Ijyb (D:5)
  A mummy (D:3)
  9 adders
  A shadow imp (D:6)
  A white imp (D:4)
  An ufetubus (D:5)
  An adder zombie (D:5)
  A worm (D:2)
  2 dart slugs (D:1)
  10 orcs
  A bat (D:1)
  7 endoplasms
  4 giant cockroaches
  7 goblins
  12 hobgoblins
  10 jackals
  3 quokkas
  2 ball pythons
  5 frilled lizards
  13 kobolds
  2 rats (D:1)
117 creatures vanquished.

Vanquished Creatures (others)
  A plant (D:4)
1 creature vanquished.

Grand Total: 118 creatures vanquished

Notes
Turn   | Place    | Note
-------+----------+-------------------------------------------
     0 | D:1      | mathmaestro the Troll Monk began the quest for the Orb.
     0 | D:1      | Reached XP level 1. HP: 22/22 MP: 0/0
   158 | D:1      | Reached XP level 2. HP: 29/29 MP: 1/1
   489 | D:1      | Reached XP level 3. HP: 36/36 MP: 2/2
  1081 | D:2      | Found a broken altar of Ashenzari.
  1256 | D:2      | Reached XP level 4. HP: 45/45 MP: 3/3
  1763 | D:3      | Noticed Natasha
  1786 | D:2      | Killed Natasha
  1787 | D:2      | Reached skill level 4 in Unarmed Combat
  1787 | D:2      | Reached XP level 5. HP: 53/53 MP: 4/4
  2062 | D:3      | Found a faded altar of an unknown god.
  2233 | D:3      | Found a snail-covered altar of Cheibriados.
  2486 | D:4      | Reached XP level 6. HP: 28/62 MP: 5/5
  2579 | D:4      | Identified the +3 ring mail "Witek" {rElec Int+2}
  2708 | D:4      | Found a white marble altar of Elyvilon.
  2708 | D:4      | Found an opulent altar of Gozag.
  2709 | D:4      | Found a basalt altar of Yredelemnul.
  2750 | D:4      | Found Wistroump's Weapon Shoppe.
  3291 | D:5      | Entered Level 5 of the Dungeon
  3301 | D:5      | Noticed Pikel
  3429 | D:5      | Killed Pikel
  3430 | D:5      | Reached skill level 5 in Unarmed Combat
  3430 | D:5      | Reached XP level 7. HP: 32/71 MP: 6/6
  3698 | D:5      | Reached skill level 5 in Fighting
  3698 | D:5      | Reached skill level 6 in Unarmed Combat
  3753 | D:5      | Reached skill level 5 in Dodging
  3881 | D:5      | Noticed Ijyb
  3891 | D:5      | Killed Ijyb
  3892 | D:5      | Reached XP level 8. HP: 52/80 MP: 7/7
  4268 | D:6      | Noticed a two-headed ogre
  4374 | D:6      | Reached skill level 7 in Unarmed Combat
  4531 | D:6      | Slain by a two-headed ogre

Illustrated notes

Levels and vault maps discovered:
D:1:      dpeg_arrival_erosion, layout_basic
D:2:      layout_basic, basic_altar, minmay_stone_trees_large,
          minmay_shallow_snake_nest
D:3:      layout_rooms, slow_altar_2, dreamdust_ecumenical_altar_sealed_demon,
          due_unseen_surprise, uniq_natasha
D:4:      layout_cave_pools, gammafunk_temple_overflow_forgotten, serial_shops,
          nicolae_lakefront_shop, st_stairs_9, hangedman_glass_garden,
          chequers_arboretum, minmay_goblin_outpost
D:5:      layout_loops_ring, grunt_decor_cap, hangedman_decor_push,
          kennysheep_doodads, uniq_ijyb, uniq_pikel
D:6:      layout_cave_pools, regret_index_temple_of_mockery,
          nzn_wu_jian_council_hall, hangedman_decor_clover_reticule,
          minmay_small_thing

Skill      XL: |  1  2  3  4  5  6  7  8 |
---------------+-------------------------+-----
Fighting       | 3 4 5 6 |  6.1
Dodging        | 3 4 5 |  5.0
Unarmed Combat | 4 5 6 7 |  7.4
Stealth        | |  1.0

Action                   |  1- 3 |  4- 6 |  7- 9 || total
-------------------------+-------+-------+-------++-------
Melee: Unarmed           |    98 |   156 |   110 ||   364
       Punch             |     1 |     2 |     4 ||     7
Evoke: Wand              |       |       |     4 ||     4
  Use: Scroll            |     1 |     2 |     1 ||     4
 Stab: Sleeping          |     7 |     2 |     1 ||    10
Armor: Robe              |    21 |    31 |    16 ||    68
Dodge: Dodged            |    35 |    81 |    52 ||   168
Block: Other             |    15 |    34 |    26 ||    75
       Reflection        |       |     2 |       ||     2

Table legend: (Time is in decaauts)
 A = Elapsed time spent in this place.
 B = Non-inter-level travel time spent in this place.
 C = Inter-level travel time spent in this place.
 D = Time resting spent in this place.
 E = Time spent auto-exploring this place.
 F = Levels seen in this place.
 G = Mean time per level.
                   A        B        C        D        E       F      G
               +--------+--------+--------+--------+--------+-----+--------+
         Total |   4508 |   4064 |    444 |    156 |   3061 |   6 |  751.3 |
       Dungeon |   4508 |   4064 |    444 |    156 |   3061 |   6 |  751.3 |
               +--------+--------+--------+--------+--------+-----+--------+

Top non-repeatable levels by time:
     D:1: 995 daAuts
     D:2: 949 daAuts
     D:5: 834 daAuts
     D:4: 778 daAuts
     D:3: 614 daAuts
     D:6: 338 daAuts
